Workbook

Sheet Акт
A1: АКТ № 106/3-2017
A2: приемки оказанных услуг и (или) выполненных работ по содержанию и текущему ремонту общего имущества в многоквартирном доме № 3 квартала 106.
A3: г. Ангарск | D3: "31" марта 2018 г.
A5: Наименование вида работы (услуги) | B5: Периодичность/ количественный показатель выполненной работы (оказанной услуги) | C5: Единица измерения работы (услуги) | D5: Стоимость /сметная стоимость выполненной работы (оказанной услуги) за единицу | E5: Цена выполненной работы (оказанной услуги), в рублях
A6: Аварийное обслуживание
A7: Аварийное обслуживание | B7: Ежедневно | C7: руб. | D7: =E7 -> 4236.8 | E7: 4236.8
A8: Благоустройство
A9: Валка, обрезка деревьев с вывозом | B9: По факту | C9: руб. | D9: =E9 -> 9925.75 | E9: 9925.75
A10: Выкашивание газонов | B10: 1700 | C10: м2 | D10: =E10/B10 -> 3.9500059 | E10: 6715.01
A11: Вывоз и утилизация ТКО, в т.ч. крупногабаритного мусора
A12: Услуги по вывозу и утилизации ТБО, в т.ч. крупногабаритного мусора | B12: Ежедневно | C12: руб. | D12: =E12 -> 65181.6 | E12: 65181.6
A13: Коммунальные ресурсы на содержание общ. имущества МКД
A14: ГВС на содержание общ. имущества | B14: По факту | C14: руб. | D14: =E14 -> 3496.52 | E14: 3496.52
A15: Отведение сточных вод на содержание общ. имущества | B15: По нормативу | C15: руб. | D15: =E15 -> 2224.8 | E15: 2224.8
A16: ХВС на содержание общ. имущества | B16: По нормативу | C16: руб. | D16: =E16 -> 1882.08 | E16: 1882.08
A17: Электрическая энергия на содержание общ. имущества | B17: По факту | C17: руб. | D17: =E17 -> 9685.05 | E17: 9685.05
A18: Обслуживание газового оборудования
A19: Диагностирование газового оборудования | B19: По факту | C19: руб. | D19: =E19 -> 62400 | E19: 62400
A20: Обслуживание и текущий ремонт электрооборудования жилых домов
A21: Обслуживание и текущий ремонт электрооборудования жилых домов | B21: По факту | C21: руб. | D21: =E21 -> 13227.39 | E21: 13227.39
A22: Обслуживание инженерного оборудования
A23: Временная заделка свищей и трещин на внутренних трубопроводах и стояках. | B23: 1 | C23: 1 место | D23: =E23/B23 -> 176.44 | E23: 176.44
A24: Запуск потока воды: отопление, ГВС | B24: 1 | C24: 1 узел | D24: =E24/B24 -> 77.47 | E24: 77.47
A25: Запуск системы отопления. | B25: 1 | C25: 1 здание | D25: =E25/B25 -> 796.94 | E25: 796.94
A26: Опрессовка ТУ диаметром: до 100 мм | B26: 0.09 | C26: 100 м | D26: =E26/B26 -> 4450.7778 | E26: 400.57
A27: Осмотр системы центрального отопления, устройств в чердачных и подвальных помещениях. | B27: 2.08 | C27: 1000 м2 | D27: =E27/B27 -> 1582.1683 | E27: 3290.91
A28: Осмотр СТО | B28: 0.19 | C28: 100 квартир | D28: =E28/B28 -> 21427.632 | E28: 4071.25
A29: Осмотр СТО в чердачных и подвальных помещениях (весенний и осенний) | B29: 1.7 | C29: 1000 м2 | D29: =E29/B29 -> 1559.1 | E29: 2650.47
A30: Осмотр, РХВ замеры | B30: 0.01 | C30: 100 шт. | D30: =E30/B30 -> 24653 | E30: 246.53
A31: Отключение системы отопления (консервация) - прим. | B31: 1 | C31: 1 здание | D31: =E31/B31 -> 384.58 | E31: 384.58
A32: Очистка канализационной сети: внутренней | B32: 0.27 | C32: 100 м | D32: =E32/B32 -> 12762.407 | E32: 3445.85
A33: Перевод отопления с подачи на обратку или с обратки на подачу | B33: 5 | C33: узел | D33: =E33/B33 -> 151.42 | E33: 757.1
A34: Перекрытие потока воды: отопление, ГВС | B34: 1 | C34: 1 узел | D34: =E34/B34 -> 62.2 | E34: 62.2
... A39: Снятие и запись замера в наряде (ИТП,РХВ) | B39: 29 | C39: 1 ИТП | D39: =E39/B39 -> 226.88759 | E39: 6579.74
A40: Обслуживание конструктивных элементов
A41: Осмотр кровли, чердака | B41: 0.8 | C41: 1000 м2 | D41: =E41/B41 -> 1705.35 | E41: 1364.28
A42: Осмотр кровли, чердака, люков | B42: 0.17 | C42: 1000 м2 | D42: =E42/B42 -> 1556.2353 | E42: 264.56
A43: Осмотр кровли, чердака, подъездов, подвального помещения - весенний осмотр | B43: 1.532 | C43: 1000 м2 | D43: =E43/B43 -> 1557.1018 | E43: 2385.48
A44: Очистка воронки и колен от мусора (вышка) | B44: 1 | C44: шт | D44: =E44/B44 -> 711.86 | E44: 711.86
A45: Очистка желобов от мусора: вручную (при расчете 1 кг. мусора = 1 м 1 желоба) с вышки | B45: 6 | C45: м | D45: =E45/B45 -> 225.325 | E45: 1351.95
A46: Очистка кровли от снега толщ. 10 см, сбивание сосулей | B46: 204 | C46: 1 м 2 основания | D46: =E46/B46 -> 35.49402 | E46: 7240.78
A47: Очистка кровли от снега толщ. 10 см, сбивание сосулей (в) | B47: 60 | C47: 1 м 2 основания | D47: =E47/B47 -> 68.714167 | E47: 4122.85
A48: Очистка кровли от снега толщ. 10 см, сбивание сосулей (вышка) | B48: 40 | C48: 1 м 2 основания | D48: =E48/B48 -> 67.36725 | E48: 2694.69
A49: Перенавеска водосточных труб. | B49: 0.102 | C49: 100 м | D49: =E49/B49 -> 56482.647 | E49: 5761.23
A50: Смена дверных приборов: навесного замка | B50: 0.01 | C50: 100 приборов | D50: =E50/B50 -> 33043 | E50: 330.43
A51: Смена дверных приборов: пружин | B51: 0.01 | C51: 100 приборов | D51: =E51/B51 -> 31735 | E51: 317.35
A52: Смена стекол в деревянных переплетах при площади стекла до: 0,25 м | B52: 0.002 | C52: 100 м2 | D52: =E52/B52 -> 176750 | E52: 353.5
A53: Обслуживание ОДПУ
A54: Техническое обслуживание ОДПУ | B54: Ежемесячно | C54: руб. | D54: =E54/12 -> 1800 | E54: 21600
A55: Текущий ремонт инженерного оборудования
A56: Замена трубопровода диаметром: 40 мм | B56: 2 | C56: м | D56: =E56/B56 -> 388.05 | E56: 776.1
A57: Текущий ремонт конструктивных элементов жилых зданий
A58: Постановка заклепок в местах соединения труб | B58: 0.24 | C58: 100 шт. | D58: =E58/B58 -> 4688.875 | E58: 1125.33
A59: Ремонт обделок из листовой стали (парапета, карниза, отливов, т.д)-(укрепление, промазка свищ.) | B59: 3 | C59: м | D59: =E59/B59 -> 202.63 | E59: 607.89
A60: Смена частей водосточных труб: отливов (отметов) | B60: 0.01 | C60: 100 шт. | D60: =E60/B60 -> 58694 | E60: 586.94
A61: Снятие дверных полотен | B61: 0.016 | C61: 100 м2 | D61: =E61/B61 -> 14953.75 | E61: 239.26
A62: Установка дверных полотен: наружных. кроме балконных | B62: 0.01 | C62: 100 шт. | D62: =E62/B62 -> 76053 | E62: 760.53
A63: Установка досок объявлений | B63: 0.01 | C63: 100 шт. | D63: =E63/B63 -> 31415 | E63: 314.15
A64: Установка подвального окна с изготовлением, остеклением-2и, окраской-фрамуг | B64: 2 | C64: 1 рама | D64: =E64/B64 -> 1163.695 | E64: 2327.39
A65: Установка частей водосточных труб (отметов) | B65: 0.02 | C65: 100 шт. | D65: =E65/B65 -> 50466 | E65: 1009.32
A66: Транспортные расходы
A67: Услуги а/вышки | B67: По факту | C67: руб. | D67: =E67 -> 3337.58 | E67: 3337.58
A68: Услуги автотранспорта | B68: По факту | C68: руб. | D68: =E68 -> 3349.65 | E68: 3349.65
A69: Уборка лестничных клеток
A70: Уборка л/клеток | B70: Еженедельно | C70: м2 | D70: =E70 -> 56707.99 | E70: 56707.99
A71: Уборка придомовой территории
A72: Уборка придомовой территории | B72: Еженедельно | C72: м2 | D72: =E72 -> 102661.02 | E72: 102661.02
A73: Услуги по управлению МКД
A74: Услуги по управлению МКД | B74: Ежедневно | C74: руб. | D74: =E74 -> 44594.6 | E74: 44594.6
A75: Итого: | E75: =SUM(E7:E74) -> 495163.43
A77: Всего за период с "01" января 2017 г. по "31"декабря 2017 г. выполнено работ (оказано услуг)
A78: на общую сумму 495 163,43 руб. (Четыреста девяносто пять тысяч сто шестьдесят три рубля 43 копейки).
A79: Работы (услуги) выполнены (оказаны) полностью, в установленные сроки, с надлежащим качеством.
A80: Претензий по выполнению условий Договора Стороны друг к другу не имеют.
A81: Настоящий Акт составлен в 2-х экземплярах, имеющих одинаковую юридическую силу,
A82: по одному для каждой из Сторон.
A84: Подписи Сторон:
A86: Исполнитель - Директор ООО "ЖЭУ № 6" Плотников А.А. | C86: __________________________
A87: (должность, ФИО) | C87: (подпись)
A89: Заказчик - ____________________________________________________ | C89: __________________________
A90: (ФИО) | C90: (подпись)

Sheet Бюджет
A1: Отчет по бюджету №106/3-2017
A3: Период: с 01.01.2017 по 31.12.2017 года.
A5: Строение / По типу работ | B5: Расходы | C5: Начисления | D5: Поступления
A6: Долг за выполненные работы на 01.01.2017 г. | B6: 279405.81
A7: Cодержание жилья | C7: 326885.76 | D7: 309659.76
A8: Аренда общего имущества МКД | C8: 2500 | D8: 3768.32
A9: Вывоз и утилизация ТКО | C9: 65181.6 | D9: 66754.98
A10: ГВС на содержание общ. имущества | C10: 7150.47 | D10: 4187.5
A11: Обслуживание ВДГО | C11: 4562.76 | D11: 4465.52
A12: Обслуживание ОДПУ | C12: 21509.88 | D12: 15929.79
A13: Отведение сточных вод на содержание общ. им-ва | C13: 2224.8
A14: ХВС на содержание общ. имущества | C14: 1882.08 | D14: 2551.34
A15: Электрическая энергия на содержание общ. имущества | C15: 14048.62 | D15: 4304.25
A16: Аварийное обслуживание | B16: =Акт!E7 -> 4236.8
A17: Благоустройство | B17: =SUM(Акт!E9:E10) -> 16640.76
A18: Вывоз и утилизация ТКО, в т.ч. крупногабаритного мусора | B18: =Акт!E12 -> 65181.6
A19: Коммунальные ресурсы на содержание общ. имущества МКД | B19: =SUM(Акт!E14:E17) -> 17288.45
A20: Обслуживание газового оборудования | B20: =Акт!E19 -> 62400
A21: Обслуживание и текущий ремонт электрооборудования жилых домов | B21: =Акт!E21 -> 13227.39
A22: Обслуживание инженерного оборудования | B22: =SUM(Акт!E23:E39) -> 49291.72
A23: Обслуживание конструктивных элементов | B23: =SUM(Акт!E41:E52) -> 26898.96
A24: Обслуживание ОДПУ | B24: =Акт!E54 -> 21600
A25: Текущий ремонт инженерного оборудования | B25: =Акт!E56 -> 776.1
A26: Текущий ремонт конструктивных элементов жилых зданий | B26: =SUM(Акт!E58:E65) -> 6970.81
A27: Транспортные расходы | B27: =SUM(Акт!E67:E68) -> 6687.23
A28: Уборка лестничных клеток | B28: =Акт!E70 -> 56707.99
A29: Уборка придомовой территории | B29: =Акт!E72 -> 102661.02
A30: Услуги по управлению МКД | B30: =Акт!E74 -> 44594.6
A31: Итого: | B31: =SUM(B7:B30) -> 495163.43 | C31: =SUM(C7:C30) -> 445945.97 | D31: =SUM(D7:D30) -> 411621.46
A32: Долг за выполненные работы (доходы за минусом расходов) на 01.01.2018 г. - 362 947,78 руб. | E32: =D31-B6-B31 -> -362947.78
A33: Задолженность по оплате за содержание и текущий ремонт на 01.01.2018 г. - 99 392,68 руб.
A35: Директор ООО "ЖЭУ №6" Плотников А.А. __________________
A36: Отчет составил: экономист Сундукова Ю.А. _______________
A37: Отчет получил: ________________________________________________________
A38: Дата __________________

Sheet 2018
A1: Отчет по бюджету № 106/3-2018
A3: Период: с 01.01.2018 по 31.12.2018 года.
A5: ОБЩИЕ СВЕДЕНИЯ ОБ ОБЪЕКТЕ
A6: Этажность | B6: 4 | C6: Общая жилая площадь, м2 | D6: 2715.9 | E6: Площадь кровли, м2 | F6: 1230
A7: Количество подъездов | B7: 3 | C7: Площадь нежилых помещений, м2 | D7: 0 | E7: Площадь чердаков, м2 | F7: 820
A8: Количество квартир | B8: 48 | C8: Площадь л/ клеток, тамбуров, лифтов, м/камер, м2 | D8: 282.9 | E8: Площадь подвалов, м2 | F8: 712.8
A11: Наименование | F11: Значение
A12: Списание долга за выполненые работы на 01.01.2015 | F12: 234614.35
A13: Переходящие остатки денежных средств за выполненые работы (на начало периода; + резерв, - долг) | F13: =-362947.78+F12 -> -128333.43
A14: Задолженность по оплате за содержание и текущий ремонт общего имущества МКД (на начало периода) | F14: 87124.66
A15: Начислено за работы (услуги) по содержанию и текущему ремонту и аренду общего имущества МКД, в том числе: | F15: =SUM(F16:F18) -> 448391.47
A16: - за жилые помещения | F16: =432670.61+13470.86 -> 446141.47
A17: - за нежилые помещения
A18: - за рекламу и аренду общего имущества МКД | F18: 2250
A19: Получено денежных средств, в т. ч: | F19: =SUM(F20:F22) -> 460580.31
A20: - за жилые помещения | F20: 458517.81
A21: - за нежилые помещения
A22: - за рекламу и аренду общего имущества МКД | F22: 2062.5
A23: Всего денежных средств с учетом остатков | F23: =F13+F19 -> 332246.88
A24: Выполненные работы (оказанные услуги) по содержанию общего имущества и текущему ремонту в отчетном периоде | F24: ='Акт (2)'!E87 -> 469903.63
A25: Переходящие остатки денежных средств за выполненые работы (на конец периода; + резерв, - долг) | F25: =F23-F24 -> -137656.75
A26: Задолженность по оплате за содержание и текущий ремонт общего имущества МКД (на конец периода) | F26: =F14+F15-F19 -> 74935.82
A28: Директор ООО "ТРЭК" Плотников А.А. __________________
A29: Отчет составил: экономист Осипова М.С. _______________
A30: Отчет получил: ________________________________________________________
A31: Дата __________________

Sheet Акт (2)
A1: АКТ № 106/3-2018
A2: приемки оказанных услуг и (или) выполненных работ по содержанию и текущему ремонту общего имущества в многоквартирном доме № 3 квартала 106.
A3: г. Ангарск | D3: "31" марта 2019 г.
A5: Наименование вида работы (услуги) | B5: Периодичность/ количественный показатель выполненной работы (оказанной услуги) | C5: Единица измерения работы (услуги) | D5: Стоимость /сметная стоимость выполненной работы (оказанной услуги) за единицу | E5: Цена выполненной работы (оказанной услуги), в рублях
A6: Аварийное обслуживание
A7: Аварийное обслуживание | B7: Ежедневно | C7: руб. | D7: =E7 -> 4236.8 | E7: 4236.8
A8: Благоустройство
A9: Завоз песка, ПГС, щебня, земли | B9: По факту | C9: руб. | D9: =E9 -> 500 | E9: 500
A10: Окраска известковыми составами: по кирпичу и бетону (бордюр. столбики, столбы) | B10: 0.279 | C10: 100 м2 | D10: =E10/B10 -> 4721.9713 | E10: 1317.43
A11: Очистка вручную поверхности фасадов от перхлорвиниловых и масляных красок: с люлей | B11: 0.2 | C11: 100 м2 | D11: =E11/B11 -> 27970.55 | E11: 5594.11
A12: Вывоз и утилизация ТКО, в т.ч. крупногабаритного мусора
A13: Вывоз и утилизация ТКО, в т.ч. крупногабаритный мусор | B13: Ежедневно | C13: руб. | D13: =E13 -> 65181.6 | E13: 65181.6
A14: Коммунальные ресурсы на содержание общ. имущества МКД
A15: Коммунальные ресурсы на содержание общего имущества МКД | B15: По факту | C15: руб. | D15: =E15 -> 23898.75 | E15: 23898.75
A16: Обслуживание газового оборудования
A17: Техобслуживание газового оборудования | B17: По смете | C17: 1 стояк | D17: =E17 -> 10657.76 | E17: 10657.76
A18: Обслуживание и текущий ремонт электрооборудования жилых домов
A19: Обслуживание и текущий ремонт электрооборудования жилых домов | B19: По договору | C19: руб. | D19: =E19 -> 8286.35 | E19: =1609.56+6676.79 -> 8286.35
A20: Обслуживание инженерного оборудования
A21: Запуск потока воды: отопление, ГВС | B21: 1 | C21: 1 узел | D21: =E21/B21 -> 83.75 | E21: 83.75
A22: Запуск системы отопления. | B22: 1 | C22: 1 здание | D22: =E22/B22 -> 839.52 | E22: 839.52
A23: Ликвидация воздушных пробок в системе отопления, в стояке | B23: 1 | C23: 1 стояк | D23: =E23/B23 -> 472.47 | E23: 472.47
A24: Опрессовка ТУ диаметром: до 100 мм | B24: 0.09 | C24: 100 м | D24: =E24/B24 -> 6088.8889 | E24: 548
A25: Осмотр выпусков канализации (засоры, подпоры) прим. | B25: 1 | C25: 1 здание | D25: =E25/B25 -> 254.67 | E25: 254.67
A26: Осмотр подвальных помещений (засоры, подпоры) прим. | B26: 0.54 | C26: 1000 м2 | D26: =E26/B26 -> 1726.1296 | E26: 932.11
A27: Осмотр СТО | B27: 0.09 | C27: 100 квартир | D27: =E27/B27 -> 25485.444 | E27: 2293.69
A28: Осмотр СТО в чердачных и подвальных помещениях (весенний и осенний) | B28: 6.359 | C28: 1000 м2 | D28: =E28/B28 -> 1693.5367 | E28: 10769.2
A29: Осмотр, замеры, опломбировка ПУ Т/У с представителем | B29: 0.01 | C29: 100 шт. | D29: =E29/B29 -> 25071 | E29: 250.71
A30: Отключение системы отопления (консервация) - прим. | B30: 1 | C30: 1 здание | D30: =E30/B30 -> 503.4 | E30: 503.4
A31: Очистка канализационной сети: внутренней | B31: 0.22 | C31: 100 м | D31: =E31/B31 -> 14608.273 | E31: 3213.82
A32: Перевод отопления с подачи на обратку или с обратки на подачу | B32: 3 | C32: узел | D32: =E32/B32 -> 208.17 | E32: 624.51
... A37: Снятие и запись замера в наряде (ИТП,РХВ) | B37: 26 | C37: 1 ИТП | D37: =E37/B37 -> 254.18654 | E37: 6608.85
A38: Обслуживание конструктивных элементов
A39: Закрытие подъездного окна | B39: 2.4 | C39: 10 шт. | D39: =E39/B39 -> 1928.2625 | E39: 4627.83
A40: Закрытие слуховых окон и люков выхода на кровлю | B40: 0.2 | C40: 10 шт. | D40: =E40/B40 -> 1920.45 | E40: 384.09
A41: Осмотр квартир | B41: 0.01 | C41: 100 квартир | D41: =E41/B41 -> 22803 | E41: 228.03
A42: Осмотр кровли, чердака, люков | B42: 0.17 | C42: 1000 м2 | D42: =E42/B42 -> 1760.7647 | E42: 299.33
A43: Осмотр кровли, чердака, подъездов, подвального помещения -подготовка к зиме | B43: 1.814 | C43: 1000 м2 | D43: =E43/B43 -> 1651.2459 | E43: 2995.36
A44: Очистка кровли от снега, сбивание сосулей | B44: 90.5 | C44: 1 м 2 основания | D44: =E44/B44 -> 75.967403 | E44: 6875.05
A45: Очистка желобов от мусора: вручную (при расчете 1 кг. мусора = 3 м 1 желоба) - в. | B45: 125 | C45: м | D45: =E45/B45 -> 68.92792 | E45: 8615.99
A46: Плановые проверки вентиляционных каналов и оголовков | C46: м2 | D46: =E46 -> 3758.63 | E46: 3758.63
A47: Проверка исправности канализационных вытяжек (по жалобе) | B47: 0.2 | C47: 1000 м2 | D47: =E47/B47 -> 1597.45 | E47: 319.49
A48: Проверка наличия тяги в ДВ и вент. каналах | B48: 0.05 | C48: 1000 м2 | D48: =E48/B48 -> 1598.8 | E48: 79.94
A49: Прочистка вентиляционных каналов | B49: 0.035 | C49: 100 м | D49: =E49/B49 -> 9604.5714 | E49: 336.16
A50: Смена дверных приборов: накладка дверная | B50: 0.02 | C50: 100 приборов | D50: =E50/B50 -> 31231.5 | E50: 624.63
A51: Смена стекол в деревянных переплетах при площади стекла до: 0,25 м | B51: 0.002 | C51: 100 м2 | D51: =E51/B51 -> 179805 | E51: 359.61
A52: Укладка (установка) щитов из доски б/у (без подгонки) | B52: 0.004 | C52: 100 м2 | D52: =E52/B52 -> 9160 | E52: 36.64
A53: Укрепление дверных приборов: петли (шарниры), шпингалеты, ручки накладные | B53: 0.02 | C53: 100 шт. | D53: =E53/B53 -> 42926 | E53: 858.52
A54: Обслуживание ОДПУ
A55: Техническое обслуживание ОДПУ | B55: По договору | C55: руб. | D55: =E55 -> 21600 | E55: 21600
A56: Текущий ремонт инженерного оборудования
A57: Осмотр замеры рамок холодной воды | B57: 0.01 | C57: чел.-ч | D57: =E57/B57 -> 25297 | E57: 252.97
A58: Прочистка и промывка пластмассовых или латунных сифонов санитарных приборов | B58: 1 | C58: шт | D58: =E58/B58 -> 176.99 | E58: 176.99
A59: Текущий ремонт конструктивных элементов жилых зданий
A60: Демонтаж- монтаж плит перекрытий каналов площадью: до 5 м2 | B60: 0.01 | C60: 100 шт. | D60: =E60/B60 -> 45579 | E60: 455.79
A61: Демонтаж-монтаж воронки с вышки | B61: 0.01 | C61: 100 шт. | D61: =E61/B61 -> 114275 | E61: 1142.75
A62: Заделка выбоин в цементных полах площадью до: 0,5 м2 | B62: 0.01 | C62: 100 мест | D62: =E62/B62 -> 31381 | E62: 313.81
A63: Заделка подвальных окон: (изовером, пенопропиленом и тд) | B63: 0.264 | C63: 10 м2 | D63: =E63/B63 -> 3104.8864 | E63: 819.69
A64: Изготовление филенок вручную: из строительной фанеры в один слой | B64: 0.48 | C64: м2 | D64: =E64/B64 -> 370.58333 | E64: 177.88
A65: Изготовление щита из доски б/у | B65: 0.004 | C65: 100 м2 | D65: =E65/B65 -> 18890 | E65: 75.56
A66: Окраска фасадов ВДК с подготовкой | B66: 1.2 | C66: м2 | D66: =E66/B66 -> 661.08333 | E66: 793.3
A67: Постановка заклепок в местах соединения труб | B67: 0.24 | C67: 100 шт. | D67: =E67/B67 -> 3710.875 | E67: 890.61
A68: Протравка фасадов: простых с люлек | B68: 0.26 | C68: 100 м2 | D68: =E68/B68 -> 15124.846 | E68: 3932.46
A69: Ремонт дверных полотен | B69: 0.01 | C69: 100 шт. | D69: =E69/B69 -> 119231 | E69: 1192.31
A70: Ремонт обделок из листовой стали конька шириной: до 0,7 м | B70: 0.18 | C70: 100 м | D70: =E70/B70 -> 58596.444 | E70: 10547.36
A71: Ремонт щита с заменой доски | B71: 0.05 | C71: 100 м2 | D71: =E71/B71 -> 18089.8 | E71: 904.49
... A77: Смена: прямых звеньев водосточных труб с автовышек | B77: 0.011 | C77: 100 м | D77: =E77/B77 -> 106935.45 | E77: 1176.29
A78: Транспортные расходы
A79: Услуги автотранспорта | B79: По факту | C79: руб. | D79: =E79 -> 800 | E79: 800
A80: Уборка лестничных клеток
A81: Уборка л/клеток | B81: По тарифу | C81: м2 | D81: =E81 -> 56707.99 | E81: 56707.99
A82: Уборка придомовой территории
A83: Уборка придомовой территории | B83: По тарифу | C83: м2 | D83: =E83 -> 102661.02 | E83: 102661.02
A84: Услуги по вывозу и утилизации листвы, веток, деревьев, скошенной травы , смета и др. | B84: По факту | C84: руб. | D84: =E84 -> 2969.25 | E84: 2969.25
A85: Услуги по управлению МКД
A86: Услуги по управлению МКД | B86: Ежедневно | C86: руб. | D86: =E86 -> 42718.512 | E86: =SUM(E7:E84)*10% -> 42718.512
A87: Итого: | E87: =SUM(E7:E86) -> 469903.63
A89: Всего за период с "01" января 2018 г. по "31"декабря 2018 г. выполнено работ (оказано услуг) на общую сумму 469 903.63 руб. (Четыреста шестьдесят девять тысяч девятьсот три рубля 63 копейки)
A91: Работы (услуги) выполнены (оказаны) полностью, в установленные сроки, с надлежащим качеством.
A92: Претензий по выполнению условий Договора Стороны друг к другу не имеют.
A93: Настоящий Акт составлен в 2-х экземплярах, имеющих одинаковую юридическую силу, по одному для каждой из Сторон.
A97: Подписи Сторон:
A99: Исполнитель - Директор ООО "ТРЭК" Плотников А.А. | C99: __________________________
A100: (должность, ФИО) | C100: (подпись)
A102: Заказчик - ____________________________________________________ | C102: __________________________
A103: (ФИО) | C103: (подпись)

Sheet 2019
A1: Отчет по бюджету № 106/3-2019
A3: Период: с 01.01.2019 по 31.12.2019 года.
A5: ОБЩИЕ СВЕДЕНИЯ ОБ ОБЪЕКТЕ
A6: Этажность | B6: 4 | C6: Общая жилая площадь, м2 | D6: 2709.6 | E6: Площадь кровли, м2 | F6: 1230
A7: Количество подъездов | B7: 3 | C7: Площадь нежилых помещений, м2 | D7: 0 | E7: Площадь чердаков, м2 | F7: 820
A8: Количество квартир | B8: 48 | C8: Площадь л/ клеток, тамбуров, лифтов, м/камер, м2 | D8: 282.9 | E8: Площадь подвалов, м2 | F8: 712.8
A11: Наименование | F11: Значение
A12: Переходящие остатки денежных средств за выполненые работы (на начало периода; + резерв, - долг) | F12: -137656.75
A13: Задолженность по оплате за содержание и текущий ремонт общего имущества МКД (на начало периода) | F13: 74935.82
A14: Начислено за работы (услуги) по содержанию и текущему ремонту и аренду общего имущества МКД, в том числе: | F14: =SUM(F15:F17) -> 461686.83
A15: - за жилые помещения | F15: =200+447021.31+11990.52 -> 459211.83
A16: - за нежилые помещения
A17: - за рекламу и аренду общего имущества МКД | F17: 2475
A18: Получено денежных средств, в т. ч: | F18: =SUM(F19:F21) -> 414778.02
A19: - за жилые помещения | F19: =200+412171.77 -> 412371.77
A20: - за нежилые помещения
A21: - за рекламу и аренду общего имущества МКД | F21: 2406.25
A22: Всего денежных средств с учетом остатков | F22: =F12+F18 -> 277121.27
A23: Выполненные работы (оказанные услуги) по содержанию общего имущества и текущему ремонту в отчетном периоде | F23: =Лист2!E83 -> 328178.66
A24: Переходящие остатки денежных средств за выполненые работы (на конец периода; + резерв, - долг) | F24: =F22-F23 -> -51057.396
A25: Задолженность по оплате за содержание и текущий ремонт общего имущества МКД (на конец периода) | F25: =F13+F14-F18 -> 121844.63
A27: Директор ООО "ТРЭК" Плотников А.А. __________________
A28: Отчет составил: экономист Осипова М.С. _______________
A29: Отчет получил: ________________________________________________________
A30: Дата __________________

Sheet Лист2
A2: .
B3: АКТ № 106/3
B4: приемки оказанных услуг и (или) выполненных работ по содержанию
B5: и текущему ремонту общего имущества в многоквартирном доме
A6: г. Ангарск | E6: 31 марта 2020 г.
A8: Собственники помещений в многоквартином доме, расположенном по адресу: ________________________ , именуемые в дальнейшем "Заказчик", в лице ___________________________________________________________________________________,
A9: являющегося собственником квартиры № _____, находящейся в данном многоквартирном доме, действующего на основании протокола общего собрания собственников, с одной стороны, и управляющая компания ООО "ТРЭК", именуемая в дальнейшем
A10: "Исполнитель", в лице директора Плотникова А.А., действующего на основании Устава, с другой стороны, совместно именуемые "Стороны", составили настоящий акт о нижеследующем:
A11: 1. Исполнителем предъявлены к приемке следующие оказанные на основании договора управления многоквартирным домом или договора оказания услуг по содержанию и (или) выполнению работ по ремонту общего имущества в многоквартирном
A12: доме, либо договора подряда по выполнению работ по ремонту общего имущества в многоквартирном доме (указать нужное) № _______ от "____" ___________________ ______ г. (далее - "Договор") услуги и (или) выполненные работы по содержанию
A13: и текущему ремонту общего имущества в многоквартирном доме № _____, расположенном по адресу: ______________________:
A15: Наименование вида работы (услуги) | B15: Периодичность / количественный показатель выполненной работы (оказанной услуги) | C15: Единица измерения работы (услуги) | D15: Стоимость / сметная стоимость выполненной работы (оказанной услуги) за единицу | E15: Цена выполненной работы (оказанной услуги), в рублях
A16: Аварийное обслуживание
A17: Аварийное обслуживание | B17: Ежедневно | C17: руб. | D17: 0.13 | E17: 4236.8
A18: Благоустройство и обеспечение санитарного состояния МКД и придомовой територии
A19: Разделка древесины твердых пород и лиственницы, полученной от валки леса, диаметром стволов: до 32см | B19: 0.01 | C19: 100 шт. | D19: =E19/B19 -> 28763 | E19: 287.63
A20: Уборка придомовой территории и лестничных клеток | B20: По тарифу | C20: м2 | D20: =E20 -> 137533.18 | E20: 137533.18
A21: Уборка чердаков и подвалов | B21: По тарифу | C21: м2 | D21: =E21 -> 7741.34 | E21: =5025.24+2716.1 -> 7741.34
A22: Услуги спец.техники по благоустройству (очистка наледи, снега) | B22: По факту | C22: руб. | D22: =E22 -> 801.74 | E22: 801.74
A23: Коммунальные ресурсы на содержание общ. имущества МКД
A24: Коммунальные ресурсы на содержание общего имущества МКД | B24: По факту | C24: руб. | D24: =E24 -> 24518.09 | E24: 24518.09
A25: Обслуживание газового оборудования
A26: Техобслуживание газового оборудования | B26: По договору | C26: 16 стояков | D26: =E26 -> 10200 | E26: 10200
A27: Обслуживание и текущий ремонт инженерного оборудования
A28: Заделка свища сваркой при длине стыка до 6 мм | B28: 1 | C28: шт | D28: =E28/B28 -> 651.34 | E28: 651.34
A29: Прокладка трубопроводов канализационных из полиэтиленовых труб высокой плотности: 110 мм | B29: 0.01 | C29: 100 м | D29: =E29/B29 -> 91902 | E29: 919.02
A30: Разборка трубопровода из чугунных канализационных труб. диаметром 100мм | B30: 0.01 | C30: 100 м | D30: =E30/B30 -> 38783 | E30: 387.83
A31: Регулировка температуры отопления в ИТП вентилями | B31: 1 | C31: шт | D31: =E31/B31 -> 303.61 | E31: 303.61
A32: Установка заглушек на трубопроводах д. 100мм | B32: 0.01 | C32: 100 шт. | D32: =E32/B32 -> 61254 | E32: 612.54
A33: Запуск потока воды: отопление, ГВС | B33: 1 | C33: 1 узел | D33: =E33/B33 -> 91.38 | E33: 91.38
A34: Ликвидация воздушных пробок в системе отопления, в стояке | B34: 1 | C34: 1 стояк | D34: =E34/B34 -> 501.56 | E34: 501.56
A35: Опрессовка ТУ диаметром: до 100 мм | B35: 1 | C35: 100 м | D35: =E35/B35 -> 812.33 | E35: 812.33
A36: Осмотр подъездов, подвального помещения чердачного помещения | B36: 0.1 | C36: 1000 м2 | D36: =E36/B36 -> 3642.3 | E36: 364.23
A37: Осмотр системы центрального отопления, устройств в чердачных и подвальных помещениях. | B37: 0.1 | C37: 1000 м2 | D37: =E37/B37 -> 1791.3 | E37: 179.13
A38: Осмотр СТО | B38: 0.09 | C38: 100 квартир | D38: =E38/B38 -> 27086.667 | E38: 2437.8
A39: Осмотр СТО в чердачных и подвальных помещениях (весенний и осенний) | B39: 3.629 | C39: 1000 м2 | D39: =E39/B39 -> 1805.2273 | E39: 6551.17
... A50: Снятие и запись замера в наряде (ИТП,РХВ) | B50: 31 | C50: 1 ИТП | D50: =E50/B50 -> 271.18839 | E50: 8406.84
A51: Обслуживание и текущий ремонт конструктивных элементов
A52: Демонтаж-монтаж стенда, вывески, доски объявления и т.д. | B52: 0.03 | C52: 100 шт. | D52: =E52/B52 -> 37080 | E52: 1112.4
A53: Изготовление филенок вручную: из строительной фанеры в один слой | B53: 0.8 | C53: м2 | D53: =E53/B53 -> 380.4375 | E53: 304.35
A54: Монтаж (укрепление) конструкций дверей металлических | B54: 0.077 | C54: т | D54: =E54/B54 -> 41613.896 | E54: 3204.27
A55: Окраска масляными составами по дереву: доски объявления | B55: 0.015 | C55: 100 м2 | D55: =E55/B55 -> 30912.667 | E55: 463.69
A56: Постановка заклепок в местах соединения труб | B56: 0.16 | C56: 100 шт. | D56: =E56/B56 -> 4078.625 | E56: 652.58
A57: Ремонт дверных полотен | B57: 0.01 | C57: 100 шт. | D57: =E57/B57 -> 131919 | E57: 1319.19
A58: Ремонт дверных полотен (выдергивание гвоздей, подгонка, установка, укрепление притворной планки) | B58: 1 | C58: шт | D58: =E58/B58 -> 394.82 | E58: 394.82
A59: Ремонт и восстановление герметизации дверных и оконных проемов | B59: 0.06 | C59: 100 м | D59: =E59/B59 -> 10628.333 | E59: 637.7
A60: Смена частей водосточных труб: прямых звеньев с земли, лестниц или подмостей | B60: 0.077 | C60: 100 м | D60: =E60/B60 -> 50334.935 | E60: 3875.79
A61: Смена: колен водосточных труб | B61: 0.03 | C61: 100 шт. | D61: =E61/B61 -> 59107.333 | E61: 1773.22
A62: Установка досок объявлений с изготовлением | B62: 0.03 | C62: 100 шт. | D62: =E62/B62 -> 49361.667 | E62: 1480.85
A63: Установка частей водосточных труб (отметов) | B63: 0.02 | C63: 100 шт. | D63: =E63/B63 -> 45958.5 | E63: 919.17
... A67: Перенавеска водосточных труб. | B67: 0.044 | C67: 100 м | D67: =E67/B67 -> 51691.364 | E67: 2274.42
A68: Плановые проверки вентиляционных каналов и оголовков | B68: По графику | C68: 1000 м2 | D68: =E68 -> 2705.12 | E68: 2705.12
A69: Проверка исправности канализационных вытяжек | B69: 12 | C69: 1 кв | D69: =E69/B69 -> 239.53333 | E69: 2874.4
A70: Смена дверных приборов: навесного замка | B70: 0.01 | C70: 100 приборов | D70: =E70/B70 -> 29825 | E70: 298.25
A71: Смена дверных приборов: накладка дверная | B71: 0.04 | C71: 100 приборов | D71: =E71/B71 -> 34612.5 | E71: 1384.5
A72: Смена стекол в деревянных переплетах при площади стекла до: 0,25 м | B72: 0.001 | C72: 100 м2 | D72: =E72/B72 -> 225300 | E72: 225.3
A73: Обслуживание и текущий ремонт электрооборудования жилых домов
A74: Обслуживание и текущий ремонт электрооборудования жилых домов | B74: По договору | C74: руб. | D74: =E74 -> 10056.95 | E74: 10056.95
A75: Работа с автовышки | B75: По факту | C75: 1 час | D75: =E75 -> 1100 | E75: 1100
A76: Обслуживание ОДПУ
A77: Техническое обслуживание ОДПУ | B77: По договору | C77: руб. | D77: =E77 -> 21600 | E77: 21600
A78: Расходы на истребование задолженности по оплате жилых помещений
A79: Истребование дебиторской задолженности | B79: По факту | C79: руб. | D79: =E79 -> 2067.74 | E79: 2067.74
A80: Услуги по управлению МКД
A81: Услугу по контролю капитального ремонта | E81: 4320
A82: Услуги по управлению МКД | B82: Ежедневно | C82: руб. | D82: =E82 -> 29834.424 | E82: =SUM(E16:E81)*10% -> 29834.424
A83: Итого: | E83: =SUM(E16:E82) -> 328178.66
A86: 2. Всего за период с "01"января 2019 г. по "31"декабря 2019 г. выполнено работ на общую сумму 328178.66 руб. (Триста двадцать восемь тысяч сто семьдесят восемь рублей 66 копеек)
A87: 3. Работы (услуги) выполнены (оказаны) полностью, в установленные сроки, с надлежащим качеством.
A88: 4. Претензий по выполнению условий Договора Стороны друг к другу не имеют.
A89: Настоящий акт составлен в 2-х экземплярах, имеющих одинаковую юридическую силу, по одному для каждой из Сторон.
A92: Исполнитель - Директор ООО "ТРЭК" Плотников А.А.
A93: _______________________________________ ____________________________________
D94: (подпись)
A96: Заказчик - ________________________________________ __________________________________
D97: (подпись)

Sheet 2020
A1: Отчет по бюджету № 106/3-2020
A3: Период: с 01.01.2020 по 31.12.2020 года.
A5: ОБЩИЕ СВЕДЕНИЯ ОБ ОБЪЕКТЕ
A6: Этажность | B6: 4 | C6: Общая жилая площадь, м2 | D6: 2709.6 | E6: Площадь кровли, м2 | F6: 1230
A7: Количество подъездов | B7: 3 | C7: Площадь нежилых помещений, м2 | D7: 0 | E7: Площадь чердаков, м2 | F7: 820
A8: Количество квартир | B8: 48 | C8: Площадь л/ клеток, тамбуров, лифтов, м/камер, м2 | D8: 282.9 | E8: Площадь подвалов, м2 | F8: 712.8
A11: Наименование | F11: Значение
A12: Переходящие остатки денежных средств за выполненые работы (на начало периода; + резерв, - долг) | F12: -51057.396
A13: Задолженность по оплате за содержание и текущий ремонт общего имущества МКД (на начало периода) | F13: 121844.63
A14: Начислено за работы (услуги) по содержанию и текущему ремонту и аренду общего имущества МКД, в том числе: | F14: =SUM(F15:F17) -> 462331.45
A15: - за жилые помещения | F15: =472610.4-12978.95 -> 459631.45
A16: - за нежилые помещения
A17: - за рекламу и аренду общего имущества МКД | F17: 2700
A18: Получено денежных средств, в т. ч: | F18: =SUM(F19:F21) -> 441084.42
A19: - за жилые помещения | F19: 438834.42
A20: - за нежилые помещения
A21: - за рекламу и аренду общего имущества МКД | F21: 2250
A22: Всего денежных средств с учетом остатков | F22: =F12+F18 -> 390027.02
A23: Выполненные работы (оказанные услуги) по содержанию общего имущества и текущему ремонту в отчетном периоде | F23: =Лист1!E79 -> 412218.92
A24: Переходящие остатки денежных средств за выполненные работы (на конец периода; + резерв, - долг) | F24: =F22-F23 -> -22191.893
A25: Задолженность по оплате за содержание и текущий ремонт общего имущества МКД (на конец периода) | F25: =F13+F14-F18 -> 143091.66
A27: Директор ООО "ТРЭК" Плотников А.А. __________________
A28: Отчет составил: экономист Осипова М.С. _______________
A29: Отчет получил: ________________________________________________________
A30: Дата __________________

Sheet Лист1
A2: .
B3: АКТ № 106/3
A4: приемки оказанных услуг и (или) выполненных работ по содержанию
A5: и текущему ремонту общего имущества в многоквартирном доме
A6: г. Ангарск | E6: 31 марта 2021 г.
A8: Собственники помещений в многоквартином доме, расположенном по адресу: ________________________ , именуемые в дальнейшем "Заказчик", в лице ___________________________________________________________________________________,
A9: являющегося собственником квартиры № _____, находящейся в данном многоквартирном доме, действующего на основании протокола общего собрания собственников, с одной стороны, и управляющая компания ООО "ТРЭК", именуемая в дальнейшем
A10: "Исполнитель", в лице директора Плотникова А.А., действующего на основании Устава, с другой стороны, совместно именуемые "Стороны", составили настоящий акт о нижеследующем:
A11: 1. Исполнителем предъявлены к приемке следующие оказанные на основании договора управления многоквартирным домом или договора оказания услуг по содержанию и (или) выполнению работ по ремонту общего имущества в многоквартирном
A12: доме, либо договора подряда по выполнению работ по ремонту общего имущества в многоквартирном доме (указать нужное) № _______ от "____" ___________________ ______ г. (далее - "Договор") услуги и (или) выполненные работы по содержанию
A13: и текущему ремонту общего имущества в многоквартирном доме № _____, расположенном по адресу: ______________________:
A15: Наименование вида работы (услуги) | B15: Периодичность / количественный показатель выполненной работы (оказанной услуги) | C15: Единица измерения работы (услуги) | D15: Стоимость / сметная стоимость выполненной работы (оказанной услуги) за единицу | E15: Цена выполненной работы (оказанной услуги), в рублях
A16: Аварийное обслуживание
A17: Аварийное обслуживание | B17: Ежедневно | C17: руб. | D17: 0.13 | E17: 4226.98
A18: Благоустройство и обеспечение санитарного состояния МКД и придомовой територии
A19: Вывоз листвы и смета | B19: По факту | C19: м2 | D19: =E19 -> 965.06 | E19: 965.06
A20: Дезинфекция мест общего пользования МКД | B20: По факту | C20: м2 | D20: =E20 -> 13579.2 | E20: 13579.2
A21: Завоз песка, ПГС, щебня, земли | B21: По факту | D21: =E21 -> 2209.51 | E21: 2209.51
A22: Окраска известковыми составами: по кирпичу и бетону (бордюр. столбики, столбы) | B22: По факту | C22: 100 м2 | D22: =E22 -> 1551.19 | E22: 1551.19
A23: Окраска известковыми составами: по кирпичу и бетону (бордюр. столбики, столбы) за 2019 год | B23: По факту | C23: 100 м2 | D23: =E23 -> 1382.03 | E23: 1382.03
A24: Уборка придомовой территории и лестничных клеток | B24: По тарифу | C24: м2 | D24: =E24 -> 137539.3 | E24: 137539.3
A25: Уборка чердаков и подвалов | B25: По тарифу | C25: м2 | D25: =E25 -> 3794.5 | E25: 3794.5
A26: Дезинсекция и дератизация
A27: Дезинсекция и дератизация | B27: По договору | C27: руб. | D27: =E27 -> 1283.04 | E27: 1283.04
A28: Коммунальные ресурсы на содержание общ. имущества МКД
A29: Коммунальные ресурсы на содержание общего имущества МКД | B29: По факту | C29: руб. | D29: =E29 -> 53546.83 | E29: 53546.83
A30: Обслуживание газового оборудования
A31: Техобслуживание газового оборудования | B31: По договору | C31: 16 стояков | D31: =E31 -> 10200 | E31: 10200
A32: Обслуживание и текущий ремонт инженерного оборудования
A33: Консервация системы отопления | B33: 1 | C33: 100 м | D33: =E33 -> 724.61 | E33: 724.61
A34: Осмотр кровли,чердака,подъездов,подвала,фасада-после землетр-ия, в т.ч. рем-т выявленных повреждений | B34: По факту | C34: 1000 м2 | D34: =E34 -> 3640.05 | E34: 3640.05
A35: Проверка работ-ти запорной арматуры, устранение мелких неисправностей, проверка работы ПУ РХВ | B35: 0.01 | C35: 100 шт. | D35: =E35 -> 304.07 | E35: 304.07
A36: Смена отдельных участков трубопроводов диаметром: 20 мм | B36: 1 | C36: 1 участок | D36: =E36 -> 1220.49 | E36: 1220.49
A37: Смена отдельных участков трубопроводов ХВС и ГВС д: до 25 мм - переборка сборки | B37: 1 | C37: 1 участок | D37: =E37 -> 1452.34 | E37: 1452.34
A38: Запуск потока воды: отопление, ГВС, ХВС | B38: 4 | C38: 1 узел | D38: =E38 -> 404.7 | E38: 404.7
A39: Запуск системы отопления. | B39: 1 | C39: 1 здание | D39: =E39 -> 1012.36 | E39: 1012.36
A40: Осмотр подвальных помещений | B40: 0.17 | C40: 1000 м2 | D40: =E40 -> 308.33 | E40: 308.33
A41: Осмотр подвальных помещений (засоры, подпоры) прим. | B41: 0.27 | C41: 1000 м2 | D41: =E41 -> 542.09 | E41: 542.09
A42: Осмотр подвальных помещений и выпуска при подпоре | B42: 2 | C42: 1 осмотр | D42: =E42 -> 2228.96 | E42: 2228.96
A43: Осмотр подъездов, подвального помещения чердачного помещения | B43: 0.1 | C43: 1000 м2 | D43: =E43 -> 400.72 | E43: 400.72
A44: Осмотр подъездов, подвального помещения, чердачного помещения - по жалобе | B44: 0.27 | C44: 1000 м2 | D44: =E44 -> 1205.91 | E44: 1205.91
A45: Осмотр СТО | B45: 0.02 | C45: 100 квартир | D45: =E45 -> 604.75 | E45: 604.75
A46: Осмотр СТО в чердачных и подвальных помещениях (весенний и осенний) | B46: 3.625 | C46: 1000 м2 | D46: =E46 -> 7318.17 | E46: 7318.17
... A52: Подготовка элеваторного узла | B52: 1 | C52: шт | D52: =E52 -> 7183.98 | E52: 7183.98
A53: Промывка трубопровода системы отопления | C53: 1 здание | D53: =E53 -> 11647.16 | E53: 11647.16
A54: Сдача ИТП представителю энергоснабжающей организации | B54: 1 | C54: 1 ИТП | D54: =E54 -> 868.12 | E54: 868.12
A55: Сдача РХВ представителю водоканала, составление акта | B55: 0.01 | C55: 1 ИТП | D55: =E55 -> 304.24 | E55: 304.24
A56: Снятие и запись замера в наряде (ИТП,РХВ) | B56: 31 | C56: 1 ИТП | D56: =E56 -> 9295.77 | E56: 9295.77
A57: Обслуживание и текущий ремонт конструктивных элементов
A58: Демонтаж-монтаж стенда, вывески, доски объявлений и т.д | B58: 0.01 | C58: 100 шт. | D58: =E58 -> 422.59 | E58: 422.59
A59: Изготовление щита из доски б/у | B59: 0.174 | C59: 100 м2 | D59: =E59 -> 3608.79 | E59: 3608.79
A60: Монтаж аншлагов, стенда, вывески, доски объявления и т.д. | B60: 0.02 | C60: 100 шт. | D60: =E60 -> 2912.9 | E60: 2912.9
A61: Осмотр кровли,чердака,подъездов,подвала,фасада-после землетр-ия, в т.ч. рем-т выявленных повреждений | B61: По факту | C61: 1000 м2 | D61: =E61 -> 3034.38 | E61: 3034.38
A62: Ремонт отдельных мест покрытия из асбоцементных листов: обыкновенного профиля (мат. БУ) | B62: 3.72 | C62: м2 | D62: =E62 -> 1168.66 | E62: 1168.66
A63: Закрытие подвальных окон и люков (прим) | B63: 0.1 | C63: 10 шт. | D63: =E63 -> 225.04 | E63: 225.04
A64: Осмотр кровли, чердака, подъездов, подвального помещения - весенний осмотр | B64: 1.81 | C64: 1000 м2 | D64: =E64 -> 3666.22 | E64: 3666.22
A65: Осмотр кровли, чердака, подъездов, подвального помещения -подготовка к зиме | B65: 1.815 | C65: 1000 м2 | D65: =E65 -> 3644.38 | E65: 3644.38
A66: Осмотр подвального помещения, подъезда | B66: 0.17 | C66: 1000 м2 | D66: =E66 -> 638.78 | E66: 638.78
A67: Очистка кровли от снега толщ. 10см, сбивание сосулей | B67: 230 | C67: 1 м 2 основания | D67: =E67 -> 15492.76 | E67: 15492.76
A68: Очистка желобов от мусора: вручную (при расчете 1 кг. мусора = 3 м 1 желоба) | B68: 170 | C68: м | D68: =E68 -> 9889.26 | E68: 9889.26
A69: Плановые проверки вентиляционных каналов и оголовков | B69: По плану | C69: 1000 м2 | D69: =E69 -> 4355.68 | E69: 4355.68
A70: Укладка (установка) щитов | B70: 0.174 | C70: 100 м2 | D70: =E70 -> 2559.8 | E70: 2559.8
A71: Обслуживание и текущий ремонт электрооборудования жилых домов
A72: Обслуживание и текущий ремонт электрооборудования жилых домов | B72: По договору | C72: руб. | D72: =E72 -> 7153.34 | E72: 7153.34
A73: Обслуживание ОДПУ
A74: Техническое обслуживание ОДПУ | B74: По договору | C74: руб. | D74: =E74 -> 21600 | E74: 21600
A75: Расходы на истребование задолженности по оплате жилых помещений. Содержание информационных систем
A76: Содержание информационных систем, обеспечивающих сбор, обработку и хранение данных | B76: По факту | C76: руб. | D76: =E76 -> 1463.18 | E76: 1463.18
A77: Услуги по управлению МКД
A78: Услуги по управлению МКД | B78: Ежедневно | C78: руб. | D78: =E78 -> 37474.447 | E78: =SUM(E16:E77)*10% -> 37474.447
A79: Итого: | E79: =SUM(E16:E78) -> 412218.92
A82: 2. Всего за период с "01"января 2020 г. по "31"декабря 2020 г. выполнено работ на общую сумму 412218.92 руб. (Четыреста двенадцать тысяч двести восемнадцать рублей 92 копейки)
A83: 3. Работы (услуги) выполнены (оказаны) полностью, в установленные сроки, с надлежащим качеством.
A84: 4. Претензий по выполнению условий Договора Стороны друг к другу не имеют.
A85: Настоящий акт составлен в 2-х экземплярах, имеющих одинаковую юридическую силу, по одному для каждой из Сторон.
A88: Исполнитель - Директор ООО "ТРЭК", Плотников А.А.
A89: ____________________________________________ ____________________________________
D90: (подпись)
A92: Заказчик - ________________________________________ __________________________________
D93: (подпись)

Sheet 2021
A1: Отчет по бюджету № 106/3-2021
A3: Период: с 01.01.2021 по 31.12.2021 года.
A5: ОБЩИЕ СВЕДЕНИЯ ОБ ОБЪЕКТЕ
A6: Этажность | B6: 4 | C6: Общая жилая площадь, м2 | D6: 2709.6 | E6: Площадь кровли, м2 | F6: 1230
A7: Количество подъездов | B7: 3 | C7: Площадь нежилых помещений, м2 | D7: 0 | E7: Площадь чердаков, м2 | F7: 820
A8: Количество квартир | B8: 48 | C8: Площадь л/ клеток, тамбуров, лифтов, м/камер, м2 | D8: 282.9 | E8: Площадь подвалов, м2 | F8: 712.8
A11: Наименование | F11: Значение
A12: Переходящие остатки денежных средств за выполненые работы (на начало периода; + резерв, - долг) | F12: -22191.893
A13: Задолженность по оплате за содержание и текущий ремонт общего имущества МКД (на начало периода) | F13: 143091.66
A14: Начислено за работы (услуги) по содержанию и текущему ремонту и аренду общего имущества МКД, в том числе: | F14: =SUM(F15:F17) -> 492158.71
A15: - за жилые помещения | F15: 489458.71
A16: - за нежилые помещения
A17: - за рекламу и аренду общего имущества МКД | F17: 2700
A18: Получено денежных средств, в т. ч: | F18: =SUM(F19:F21) -> 539954.33
A19: - за жилые помещения | F19: 537254.33
A20: - за нежилые помещения
A21: - за рекламу и аренду общего имущества МКД | F21: 2700
A22: Всего денежных средств с учетом остатков | F22: =F12+F18 -> 517762.44
A23: Выполненные работы (оказанные услуги) по содержанию общего имущества и текущему ремонту в отчетном периоде | F23: =акт21!E87 -> 423679.6
A24: Переходящие остатки денежных средств за выполненные работы (на конец периода; + резерв, - долг) | F24: =F22-F23 -> 94082.84
A25: Задолженность по оплате за содержание и текущий ремонт общего имущества МКД (на конец периода) | F25: =F13+F14-F18 -> 95296.04
A27: Директор ООО "ТРЭК" Плотников А.А. __________________
A28: Отчет составил: экономист _______________
A29: Отчет получил: ________________________________________________________
A30: Дата __________________

Sheet акт21
A2: .
A3: АКТ № 106/3
A4: приемки оказанных услуг и (или) выполненных работ по содержанию
A5: и текущему ремонту общего имущества в многоквартирном доме
A6: г. Ангарск | E6: 31 марта 2022 г.
A8: Собственники помещений в многоквартином доме, расположенном по адресу: ________________________ , именуемые в дальнейшем "Заказчик", в лице ___________________________________________________________________________________,
A9: являющегося собственником квартиры № _____, находящейся в данном многоквартирном доме, действующего на основании протокола общего собрания собственников, с одной стороны, и управляющая компания ООО "ТРЭК", именуемая в дальнейшем
A10: "Исполнитель", в лице директора Плотникова А.А., действующего на основании Устава, с другой стороны, совместно именуемые "Стороны", составили настоящий акт о нижеследующем:
A11: 1. Исполнителем предъявлены к приемке следующие оказанные на основании договора управления многоквартирным домом или договора оказания услуг по содержанию и (или) выполнению работ по ремонту общего имущества в многоквартирном
A12: доме, либо договора подряда по выполнению работ по ремонту общего имущества в многоквартирном доме (указать нужное) № _______ от "____" ___________________ ______ г. (далее - "Договор") услуги и (или) выполненные работы по содержанию
A13: и текущему ремонту общего имущества в многоквартирном доме № _____, расположенном по адресу: ______________________:
A15: Наименование вида работы (услуги) | B15: Периодичность / количественный показатель выполненной работы (оказанной услуги) | C15: Единица измерения работы (услуги) | D15: Стоимость / сметная стоимость выполненной работы (оказанной услуги) за единицу | E15: Цена выполненной работы (оказанной услуги), в рублях
A16: Аварийное обслуживание
A17: Аварийное обслуживание | B17: Ежедневно | C17: руб. | D17: 0.14 | E17: 4552.13
A18: Благоустройство и обеспечение санитарного состояния МКД и придомовой територии
A19: Завоз песка, ПГС, щебня, земли | B19: По факту | C19: руб. | D19: =E19 -> 4369.41 | E19: =369.41+4000 -> 4369.41
A20: Ремонт песочницы | B20: 2 | C20: шт | D20: =E20/B20 -> 856.035 | E20: 1712.07
A21: Ремонт мусорного контейнера | B21: По факту | C21: шт | D21: =E21 -> 1454.71 | E21: 1454.71
A22: Окраска известковыми составами: по кирпичу и бетону (бордюр. столбики, столбы) | B22: По факту | C22: 100 м2 | D22: =E22 -> 1551.19 | E22: 1551.19
A23: Услуги по вывозу и утилизации листвы, веток, деревьев, скошенной травы , смета и др. | B23: По факту | C23: руб. | D23: =E23 -> 4991.4 | E23: =2326.12+2188+477.28 -> 4991.4
A24: Услуги спец.техники по благоустройству (очистка наледи, снега) | B24: По факту | C24: руб. | D24: =E24 -> 2347.77 | E24: =1833.91+513.86 -> 2347.77
A25: Уборка придомовой территории и лестничных клеток | B25: По тарифу | C25: м2 | D25: =E25 -> 137539.2 | E25: 137539.2
A26: Уборка чердаков и подвалов | B26: По тарифу | C26: м2 | D26: =E26 -> 3251.52 | E26: 3251.52
A27: Коммунальные ресурсы на содержание общ. имущества МКД
A28: Коммунальные ресурсы на содержание общего имущества МКД | B28: По факту | C28: руб. | D28: =E28 -> 84204.78 | E28: 84204.78
A29: Обслуживание и текущий ремонт инженерного оборудования
A30: Монтаж обратного клапана Аэратор | B30: 0.03 | C30: 100 шт. | D30: =E30/B30 -> 85326.667 | E30: 2559.8
A31: Регулировка РТВЖ | B31: 1 | C31: шт | D31: =E31/B31 -> 503.32 | E31: 503.32
A32: Регулировка температуры отопления в ИТП вентилями | B32: 2 | C32: шт | D32: =E32/B32 -> 381.675 | E32: 763.35
A33: Смена внутренних трубопроводов из стальных труб д. 20 мм | B33: 0.04 | C33: 100 м | D33: =E33/B33 -> 84751.75 | E33: 3390.07
A34: Смена отдельных участков трубопроводов канализации из полиет. труб высокой пл-ти: гориз. д 50 мм | B34: 3 | C34: 1 участок | D34: =E34/B34 -> 959.57667 | E34: 2878.73
A35: Запуск потока воды: отопление, ГВС, ХВС | B35: 4 | C35: 1 узел | D35: =E35/B35 -> 97.56 | E35: 390.24
A36: Запуск системы отопления. | B36: 1 | C36: 1 здание | D36: =E36/B36 -> 1005.22 | E36: 1005.22
A37: Ликвидация воздушных пробок в системе отопления, в стояке | B37: 1 | C37: 1 стояк | D37: =E37/B37 -> 736.44 | E37: 736.44
A38: Опрессовка ТУ диаметром: до 100 мм | B38: 1 | C38: 100 м | D38: =E38/B38 -> 961.8 | E38: 961.8
A39: Осмотр и устранение мелких неисправностей на РХВ | B39: 1 | C39: шт | D39: =E39/B39 -> 149.54 | E39: 149.54
A40: Осмотр подвальных помещений и выпуска при подпоре | B40: 1 | C40: 1 осмотр | D40: =E40/B40 -> 1107.33 | E40: 1107.33
A41: Осмотр подъездов, подвального помещения, чердачного помещения - по жалобе | B41: 0.1 | C41: 1000 м2 | D41: =E41/B41 -> 3974.9 | E41: 397.49
... A54: Снятие и запись замера в наряде (ИТП,РХВ) | B54: 33 | C54: 1 ИТП | D54: =E54/B54 -> 299.99273 | E54: 9899.76
A55: Обслуживание и текущий ремонт конструктивных элементов
A56: Заделка выбоин в цементных полах площадью до: 0,5 м2 | B56: 0.01 | C56: 100 мест | D56: =E56/B56 -> 36199 | E56: 361.99
A57: Заделка стыков соединений стояков (раструб-труба) | B57: 2 | C57: шт | D57: =E57/B57 -> 263.23 | E57: 526.46
A58: Постановка заклепок в местах соединения труб | B58: 0.24 | C58: 100 шт. | D58: =E58/B58 -> 4325.5417 | E58: 1038.13
A59: Установка доски объявлений - б/у | B59: 0.01 | C59: 100 шт. | D59: =E59/B59 -> 42211 | E59: 422.11
A60: Установка досок объявлений | B60: 0.03 | C60: 100 шт. | D60: =E60/B60 -> 96164.333 | E60: 2884.93
A61: Установка частей водосточных труб (колен) | B61: 0.02 | C61: 100 шт. | D61: =E61/B61 -> 47989 | E61: 959.78
A62: Установка частей водосточных труб (отметов) | B62: 0.02 | C62: 100 шт. | D62: =E62/B62 -> 47068 | E62: 941.36
A63: Установка частей водосточных труб с земли, лестниц и подмостей | B63: 0.022 | C63: 100 м | D63: =E63/B63 -> 43881.818 | E63: 965.4
A64: Осмотр кровли, чердака, подъездов, подвального помещения - весенний осмотр | B64: 1.815 | C64: 1000 м2 | D64: =E64/B64 -> 2011.9118 | E64: 3651.62
A65: Осмотр кровли, чердака, подъездов, подвального помещения - осенний осмотр | B65: 1.815 | C65: 1000 м2 | D65: =E65/B65 -> 2013.686 | E65: 3654.84
A66: Осмотр оголовков вент. каналов с целью предотвращения закупорки в зимнее время с записью в спец. жур | B66: =2*2.46 -> 4.92 | C66: 1000 м2 | D66: =E66/B66 -> 610.43496 | E66: =2*1501.67 -> 3003.34
A67: Осмотр СТО в чердачных и подвальных помещениях (весенний и осенний) | B67: 1.815 | C67: 1000 м2 | D67: =E67/B67 -> 2005.5372 | E67: 3640.05
A68: Очистка кровли от снега, сбивание сосулей с выходом на кровлю | B68: 20 | C68: 1 м 1 основания | D68: =E68/B68 -> 55.3255 | E68: 1106.51
A69: Очистка воронки и колен от мусора, снега | B69: 4 | C69: шт | D69: =E69/B69 -> 514.45 | E69: 2057.8
A70: Очистка желобов от мусора: вручную (при расчете 1 кг. мусора = 3 м 1 желоба) | B70: 93 | C70: м | D70: =E70/B70 -> 57.496452 | E70: 5347.17
A71: Очистка желобов от мусора: вручную (при расчете 1 кг. мусора = 3 м 1 желоба) - в. | B71: 93 | C71: м | D71: =E71/B71 -> 97.73043 | E71: 9088.93
A72: Проверка исправности вент. каналов, правильного расположения оголовков относ. крыши и наличия тяги | B72: =2.05 -> 2.05 | C72: 1000 м2 | D72: =E72/B72 -> 1217.1317 | E72: =2495.12 -> 2495.12
A73: Обслуживание и текущий ремонт электрооборудования жилых домов
A74: Обслуживание и текущий ремонт электрооборудования жилых домов | B74: По договору | C74: руб. | D74: =E74 -> 8410.62 | E74: 8410.62
A75: Обслуживание газового оборудования
A76: Техобслуживание газового оборудования | B76: По договору | C76: 16 стояков | D76: =E76 -> 10200 | E76: 10200
A77: Обслуживание ОДПУ
A78: Техническое обслуживание ОДПУ | B78: По договору | C78: руб. | D78: =E78 -> 21600 | E78: 21600
A79: Расходы на истребование задолженности по оплате жилых помещений. Содержание информационных систем
A80: Истребование дебиторской задолженности | B80: По факту | C80: руб. | D80: =E80 -> 1772.39 | E80: 1772.39
A81: Содержание информационных систем, обеспечивающих сбор, обработку и хранение данных | B81: По факту | C81: руб. | D81: =E81 -> 1474.03 | E81: 1474.03 | F81: =SUM(E17:E81) -> 385163.27 | G81: 374931.28
A82: Услуги по управлению МКД
A83: Услуги по управлению МКД | B83: Ежедневно | C83: руб. | D83: =E83 -> 38516.327 | E83: =SUM(E17:E81)*10% -> 38516.327
A84: Итого: | E84: =F81+E83 -> 423679.6
A87: 2. Всего за период с "01"января 2021 г. по "31"декабря 2021 г. выполнено работ на общую сумму | E87: =E84 -> 423679.6
A88: Четыреста двадцать три тысячи шестьсот семьдесят девять рублей 60 копеек.
A89: 3. Работы (услуги) выполнены (оказаны) полностью, в установленные сроки, с надлежащим качеством.
A90: 4. Претензий по выполнению условий Договора Стороны друг к другу не имеют.
A91: Настоящий акт составлен в 2-х экземплярах, имеющих одинаковую юридическую силу, по одному для каждой из Сторон.
A93: Подписи Сторон:
A94: Исполнитель - Директор ООО "ТРЭК", Плотников А.А.
A95: ____________________________________________________ ____________________________________
D96: (подпись)
A98: Заказчик - ________________________________________ __________________________________
D99: (подпись)
